 Dungeon Crawl Stone Soup version 0.28-a0-1159-g27aa881441 (webtiles) character file.

Game seed: 525166141283096705

37 Vertinox the Vexing (level 3, 0/16 HPs)
             Began as a Spriggan Enchanter on Dec 15, 2021.
             Slain by Grinder (6 damage)
             ... on level 3 of the Dungeon.
             The game lasted 00:02:14 (1695 turns).

Vertinox the Vexing (Spriggan Enchanter)            Turns: 1695, Time: 00:02:25

Health: 0/16       AC:  2    Str:  6    XL:     3   Next: 21%
Magic:  9/9        EV: 17    Int: 16    God:
Gold:   139        SH:  0    Dex: 15    Spells: 1/9 levels left

rFire   . . .      SeeInvis +   e - +2 dagger (venom)
rCold   . . .      Faith    .   (shield restricted)
rNeg    . . .      Spirit   .   b - +0 robe
rPois   .          Reflect  .   (helmet restricted)
rElec   .          Harm     .   (no cloak)
rCorr   .          Rampage  .   (gloves unavailable)
Will    .....                   (boots unavailable)
Stlth   +++.......              (no amulet)
HPRegen 0.05/turn               (no ring)
MPRegen 0.11/turn               (no ring)

@: very quick
A: very small, no large weapons, unfitting armour, see invisible, speed 3
a: no special abilities


You were on level 3 of the Dungeon.
You visited 1 branch of the dungeon, and saw 3 of its levels.

You collected 139 gold pieces.

Inventory:

Hand Weapons
 a - a +1 dagger
 e - a +2 dagger of venom (weapon)
Armour
 b - a +0 robe (worn)
Potions
 c - a potion of invisibility
 d - a potion of lignification
 g - a potion of curing


   Skills:
 - Level 1.1 Short Blades
 - Level 2.6 Dodging
 - Level 4.4 Stealth
 + Level 3.8 Spellcasting
 + Level 4.5 Hexes


You had one spell level left.
You knew the following spells:

 Your Spells              Type           Power      Damage    Failure   Level
a - Ensorcelled Hibernat  Hex/Ice        20%        N/A       11%         2
b - Tukima's Dance        Hex            17%        N/A       8%          3
c - Dazzling Flash        Conj/Hex       20%        N/A       21%         3

Your spell library contained the following spells:

 Spells                   Type           Power      Damage    Failure   Level
 Confusing Touch          Hex            17%        N/A       8%          3


Dungeon Overview and Level Annotations

Branches:
Dungeon (3/15)

Altars:

Annotations:
D:3 Grinder


Innate Abilities, Weirdness & Mutations

You are very small and have problems with some larger weapons.
You are too small for most types of armour.
You have supernaturally acute eyesight. (SInv)
You cover ground extremely quickly. (Speed+++)


Message History

You open the door.
There is an open door here.
There is an open door here.
Found a stone staircase leading up.
Unknown command.
Unknown command.
Unknown command.
Done exploring.
Done exploring.
Done exploring.
Done exploring.
(D) Dungeon
Where to? (Enter - D:2, ? - help)
There is a stone staircase leading down here.
You climb downwards.
Found a pair of boots.
There is a stone staircase leading up here.
f - a red potion You now have 139 gold pieces (gained 15).
Found an escape hatch in the floor.
Grinder comes into view.
Grinder shouts!
You aren't carrying any items that you can evoke.
Unknown command.
Unknown command.
It was a potion of heal wounds.
You feel much better.
You hit Grinder.
Grinder is lightly wounded.
Grinder says, "Mostly I couldn't keep them alive."
Grinder misses you.
You hit Grinder.
Grinder is lightly wounded.
Grinder blinks!
You closely miss Grinder.
Grinder is lightly wounded.
Grinder says, "There's only one good use for a tongue: cutting it out."
Grinder hits you!
Ouch! That really hurt!
You writhe in agony.
You die...

......... #......######
#...........# #
#...##.##...##
..#...##.#8...8#
.........##...##
.........##...#
.........##...##
................@.#8...8#
................5.##...##
#................>##...#
..................##...##
..................#8...8#
.......[..........##...###
.........................#
....<.......#..####....#.#
...............##...##...#


You could see Grinder.

Vanquished Creatures
  2 worms (D:2)
  5 ball pythons
  4 endoplasms
  2 giant cockroaches
  2 goblins
  A hobgoblin (D:2)
  2 kobolds
  A quokka (D:2)
  5 bats
  A frilled lizard (D:2)
  2 rats (D:2)
27 creatures vanquished.

Notes
Turn   | Place    | Note
-------+----------+-------------------------------------------
     0 | D:1      | Vertinox the Spriggan Enchanter began the quest for the
                  | Orb.
     0 | D:1      | Reached XP level 1. HP: 9/9 MP: 5/5
    72 | D:1      | Found a faded altar of an unknown god.
   402 | D:1      | Reached XP level 2. HP: 13/13 MP: 7/7
   405 | D:1      | Learned a level 2 spell: Ensorcelled Hibernation
  1190 | D:2      | Reached XP level 3. HP: 16/16 MP: 9/9
  1194 | D:2      | Learned a level 3 spell: Tukima's Dance
  1198 | D:2      | Learned a level 3 spell: Dazzling Flash
  1298 | D:2      | Found Tyenoiru's Book Shop.
  1687 | D:3      | Noticed Grinder
  1695 | D:3      | Slain by Grinder

Illustrated notes

Levels and vault maps discovered:
D:1:      amcnicky_arrival_gap_in_the_tavern_cellar, layout_basic,
          serial_forest, infiniplex_forest_clump_tiny,
          infiniplex_forest_straight_4, infiniplex_forest_clump_tiny,
          infiniplex_forest_end_double, hellmonk_ecumenical_altar_run_dry,
          hangedman_decor_diamond_cutter
D:2:      layout_basic, serial_shops, shop, minmay_door_square,
          minmay_misc_feat_ornament
D:3:      layout_rooms, fedhas_ov_isle_minmay, serial_corexii_hall,
          corexii_hall_statues_i, corexii_hall_statues_l, uniq_grinder

Skill      XL: |  1 |
---------------+----+-----
Spellcasting   | 3 |  3.8
Hexes          | 4 |  4.5
Short Blades   | |  1.1
Dodging        | |  2.6
Stealth        | |  4.4

Action                   || total
-------------------------++-------
Melee: Dagger            ||    58
  Use: Scroll            ||     5
       Potion            ||     1
 Stab: Sleeping          ||    12
Armor: Robe              ||     5
Dodge: Dodged            ||    45

Table legend: (Time is in decaauts)
 A = Elapsed time spent in this place.
 B = Non-inter-level travel time spent in this place.
 C = Inter-level travel time spent in this place.
 D = Time resting spent in this place.
 E = Time spent auto-exploring this place.
 F = Levels seen in this place.
 G = Mean time per level.
                   A        B        C        D        E       F      G
               +--------+--------+--------+--------+--------+-----+--------+
         Total |   1118 |   1078 |     40 |      0 |    926 |   3 |  372.7 |
       Dungeon |   1118 |   1078 |     40 |      0 |    926 |   3 |  372.7 |
               +--------+--------+--------+--------+--------+-----+--------+

Top non-repeatable levels by time:
     D:1: 594 daAuts
     D:2: 482 daAuts
     D:3: 41 daAuts
